 Dungeon Crawl Stone Soup version 0.26-a0-466-g989023bd0d (webtiles) character file.

Game seed: 3787427946472151305

16 Inarius the Sneak (level 2, -1/18 HPs)
             Began as a Kobold Wanderer on Aug 14, 2020.
             Slain by a quokka (5 damage)
             ... on level 2 of the Dungeon.
             The game lasted 00:00:43 (1160 turns).

Inarius the Sneak (Kobold Wanderer)                 Turns: 1160, Time: 00:00:44

Health: -1/18      AC:  2    Str:  9    XL:     2   Next: 70%
Magic:  5/5        EV: 13    Int: 13    God:
Gold:   70         SH:  0    Dex: 14    Spells: 4/5 levels left

rFire    . . .     SeeInvis .   a - +0 dagger
rCold    . . .     Faith    .   (shield restricted)
rNeg     . . .     Spirit   .   c - +0 robe
rPois    .         Reflect  .   (no helmet)
rElec    .         Harm     .   (no cloak)
rCorr    .                      (no gloves)
MR       .....                  (no boots)
Stlth    +++.......             (no amulet)
HPRegen  0.06/turn              (no ring)
MPRegen  0.09/turn              (no ring)

@: no status effects
A: small, nightstalker 3
a: no special abilities


You were on level 2 of the Dungeon.
You visited 1 branch of the dungeon, and saw 2 of its levels.

You collected 70 gold pieces.

Inventory:

Hand Weapons
 a - a +0 dagger (weapon)
Armour
 c - a +0 robe (worn)
Scrolls
 d - a scroll of teleportation {unknown}
 e - a scroll of identify {unknown}
 f - a scroll of fog {unknown}
 g - a scroll of immolation {unknown}
Potions
 b - a potion of curing
 h - a potion of lignification {unknown}


   Skills:
 + Level 2.5 Fighting
 * Level 1.7 Short Blades
 + Level 0.3 Dodging
 + Level 3.1 Stealth
   Level 1.0 Shields
 - Level 2.1 Spellcasting
   Level 2.0 Ice Magic
   Level 1.0 Air Magic


You had 4 spell levels left.
You knew the following spells:

 Your Spells              Type           Power        Failure   Level
a - Magic Dart            Conj           #...         26%         1

Your spell library contained the following spells:

 Spells                   Type           Power        Failure   Level
 Blink                    Tloc           N/A          36%         2
 Call Imp                 Summ           #.......     36%         2
 Slow                     Hex            #.......     36%         2
 Mephitic Cloud           Conj/Pois/Air  #.......     54%         3
 Conjure Flame            Conj/Fire      #.......     58%         3


Dungeon Overview and Level Annotations

Branches:
Dungeon (2/15)

Altars:


Innate Abilities, Weirdness & Mutations

You are small and have problems with some larger weapons.
You are completely attuned to the shadows.


Message History

You are too injured to fight recklessly!
You are too injured to fight recklessly!
You are too injured to fight recklessly!
You are too injured to fight recklessly!
You are too injured to fight recklessly!
You are too injured to fight recklessly!
You are too injured to fight recklessly!
You are too injured to fight recklessly!
You are too injured to fight recklessly!
You are too injured to fight recklessly!
You hit the leopard gecko.
You kill the leopard gecko!
The quokka bites you.
* * * LOW HITPOINT WARNING * * *
You hit the quokka but do no damage.
The quokka bites you but does no damage.
You hit the quokka.
The quokka is lightly wounded.
The quokka bites you.
You die...

. ##. #
...####.#
#...<...#
#...@...#
#..r....#
........#
..#####..
#. ..


You could see a quokka.

Vanquished Creatures
  A leopard gecko (D:2)
  A bat (D:1)
  A giant cockroach (D:1)
  2 goblins (D:1)
  3 hobgoblins (D:1)
  A kobold (D:1)
  4 rats (D:1)
13 creatures vanquished.

Notes
Turn   | Place    | Note
-------+----------+-------------------------------------------
     0 | D:1      | Inarius the Kobold Wanderer began the quest for the Orb.
     0 | D:1      | Inarius set off with the following items: a +0 dagger, a
                  | potion of curing, a +0 robe; and the following spell
                  | memorised: Magic Dart; and the following spells available
                  | to memorise: Blink, Call Imp, Slow, Mephitic Cloud, Conjure
                  | Flame
     0 | D:1      | Reached XP level 1. HP: 12/12 MP: 3/3
   201 | D:1      | Reached skill level 3 in Stealth
   201 | D:1      | Reached XP level 2. HP: 18/18 MP: 5/5
   444 | D:1      | Reached skill level 1 in Short Blades
  1160 | D:2      | Slain by a quokka

Illustrated notes

Levels and vault maps discovered:
D:1:      ncdulo_watergridlock, layout_loops_ring
D:2:      layout_rooms, uniq_sigmund

Skill      XL: |  1  2 |
---------------+-------+-----
Stealth        | 3 |  3.1
Short Blades   | 1 |  1.7
Fighting       | |  2.5
Dodging        | |  0.3
Shields        | |  1.0
Spellcasting   | |  2.1
Ice Magic      | |  2.0
Air Magic      | |  1.0

Action                   || total
-------------------------++-------
Melee: Dagger            ||    87
 Stab: Sleeping          ||     3
Armor: Robe              ||    16
Dodge: Dodged            ||    75

Table legend: (Time is in decaauts)
 A = Elapsed time spent in this place.
 B = Non-inter-level travel time spent in this place.
 C = Inter-level travel time spent in this place.
 D = Time resting spent in this place.
 E = Time spent auto-exploring this place.
 F = Levels seen in this place.
 G = Mean time per level.
                   A        B        C        D        E       F      G
               +--------+--------+--------+--------+--------+-----+--------+
         Total |   1155 |   1139 |     16 |    131 |    876 |   2 |  577.5 |
       Dungeon |   1155 |   1139 |     16 |    131 |    876 |   2 |  577.5 |
               +--------+--------+--------+--------+--------+-----+--------+

Top non-repeatable levels by time:
     D:1: 1140 daAuts
     D:2: 14 daAuts
